AoeStats
← TT

Coastal Forest

510548324Analyzed
4v4 RM · 21h ago on Oct 1, 2026· 21m 21s· 8 players
Game mode
Random Map
Map size
Large (8 player)
Population
200
Speed
Normal
Resources
Standard
Victory
Conquest
Starting age
Dark Age
Ending age
Imperial Age
RankedLock teamsTeams togetherTeam positionsShared explorationLock speedFull tech treeHidden civsTurbo modeCheats
Victory
Defeat
🇪🇸 Huns · Spain
1144
+13
🇨🇳 Poles · China
1142
+13
🇮🇳 Mongols · India
1089
+15
🇨🇳 Varangians · China
1016
+19
🇧🇷 Khmer · Brazil
1117
-16
🇩🇪 Magyars · Germany
1089
-16
🇵🇪 Varangians · Peru
1082
-15
🇺🇸 Cumans · United States
1022
-13
RarinWheel65511
10:57 Feudal Age
11:39 Double-Bit Axe
13:28 Horse Collar
13:58 Loom
17:35 Wheelbarrow
21:52 Castle Age
Strong
16:24 Feudal Age
17:13 Gold Mining
17:12 Double-Bit Axe
17:47 Fishing Lines
20:17 Castle Age
19:31 Forging
19:27 Scale Barding Armor
20:50 Bloodlines
21:31 Bow Saw
22:27 Iron Casting
TT
1:01 Loom
14:46 Feudal Age
17:39 Castle Age
16:29 Double-Bit Axe
16:33 Town Watch
18:07 Town Watch
19:24 Husbandry
Captain_Spirit
8:06 Loom
10:49 Feudal Age
11:16 Double-Bit Axe
Chexco9004
11:06 Feudal Age
10:53 Loom
13:56 Scale Barding Armor
848e0d88
9:41 Loom
11:26 Feudal Age
19:52 Castle Age
18:52 Bloodlines
19:35 Gold Mining
19:33 Double-Bit Axe
20:27 Scale Barding Armor
legend
11:46 Feudal Age
14:57 Horse Collar
17:31 Castle Age
15:38 Double-Bit Axe
AztecKiller2427
10:30 Feudal Age
11:05 Loom
11:48 Double-Bit Axe
14:36 Castle Age
14:10 Scale Barding Armor
14:16 Forging
20:33 Husbandry
21:25 Bloodlines
Connection lost

Rejoining the realm…

Still unreachable

The connection could not be restored.

Session expired

The server has moved on; the page needs a fresh start.